Cogmind - Beta 9.6 @@@ ROGUE MODE // 2020.07.21 @ 13:44:40 Player: josiah Result: Self-destructed Performance ------------- Evolutions (7) 3500 Regions Visited (16) 3200 Robots Destroyed (82) 410 Value Destroyed (3074) 3074 Prototype IDs (20) 400 Alien Tech Used (1) 200 Bonus (1069) 1069 TOTAL SCORE: 11853 Bonus ------- Follower Combat Kills 365 Met Data Miner 300 Scanned by Researcher 500 Friendly Fire -96 Cogmind --------- Core Integrity 331/1300 Matter 58/300 Energy 53/100 System Corruption 6% Temperature Cool (0) Movement Treading (145) Location -3/Quarantine Parts ------- > --- POWER (3) -------- (None) > --- PROPULSION (5) --- Advanced Heavy Treads Improved Antigrav System Combat Antigrav System > --- UTILITY (9) ------ Advanced Coolant Injector Advanced Targeting Computer Advanced Weapon Cycler Improved Hacking Suite > --- WEAPON (4) ------- Compact HERF Cannon Compact HERF Cannon Compact HERF Cannon Compact HERF Cannon > --- INVENTORY (4) ---- (None) Peak State ------------ > --- POWER ------------ Antimatter Reactor Reinforced Antimatter Reactor Light Quantum Reactor > --- PROPULSION ------- Wheel Compact Wheel Compact Wheel Compact Wheel Centrium Wheel > --- UTILITY ---------- Advanced Cryofiber Web Advanced Heat Sink Advanced Heat Sink Medium Storage Unit Energy Well Improved Medium Armor Plating Heavy Reactive Plating Improved Remote Shield > --- WEAPON ----------- Heavy Tesla Rifle Hardcell Cannon Hardcell Cannon Hypervelocity Mass Driver > --- INVENTORY -------- Armored Medium Treads Advanced Cryofiber Web Advanced Cryofiber Web Advanced Cryofiber Web Advanced Heat Sink Advanced Heat Sink Shock Absorption System Heavy Neutron Cannon [Rating: 111] Favorites ----------- Power Micro Nuclear Core Engine Light Ion Engine Power Core Micro Nuclear Core Reactor Reinforced Antimatter Reactor Propulsion Compact Wheel Treads Light Treads Wheel Compact Wheel Hover Unit Improved Linear Gravjet Flight Unit Xenon Bombardment Thruster Utility Small Storage Unit Device Advanced Heat Sink Storage Small Storage Unit Processor Improved Signal Interpreter Hackware Improved System Shield Protection Heavy Reactive Plating Weapon Hardcell Cannon Energy Gun Improved EM Shotgun Energy Cannon Compact HERF Cannon Ballistic Gun KE Penetrator Ballistic Cannon Hardcell Cannon Launcher Mini Grenade Launcher Special Weapon Improved Plasma Cutter Slashing Weapon Scythe Build | -11 -10 -9 -9 -8 -7 -7 -7 -7 -6 -6 -6 -6 -5 -4 -3 -3 ------- Run | Scr Mat Mat Sto Mat Fac Low Low Dat Pro Fac Low Low Fac Fac Res Qua Slots Evolved 14 | . . 2 . 2 2 . . . . 2 . . 2 2 2 . Power 2 | . . . . 1 . . . . . . . . 1 . . . Propulsion 3 | . . 1 . 1 . . . . . . . . 1 . . . Utility 7 | . . 1 . . 2 . . . . 2 . . . . 2 . Weapon 2 | . . . . . . . . . . . . . . 2 . . Parts Attached 210 | 6 7 8 27 22 10 1 . . 3 9 2 . 16 49 38 12 Power 37 | 1 1 3 5 5 3 . . . 1 . . . 3 10 5 . Engine 14 | 1 1 3 5 3 . . . . . . . . . . 1 . Core 18 | . . . . 2 3 . . . 1 . . . 3 8 1 . Reactor 5 | . . . . . . . . . . . . . . 2 3 . Propulsion 52 | 2 2 3 7 7 2 1 . . 1 1 . . 5 12 6 3 Treads 4 | 2 . . . . . . . . . . . . . . 1 1 Leg . | . . . . . . . . . . . . . . . . . Wheel 9 | . . . . . . . . . . . . . . 9 . . Hover 10 | . . . 1 . . . . . . . . . 2 . 5 2 Flight 29 | . 2 3 6 7 2 1 . . 1 1 . . 3 3 . . Utility 62 | 1 . 1 6 7 5 . . . 1 8 1 . 6 13 10 3 Device 34 | . . . 4 5 1 . . . . 4 . . 3 8 7 2 Storage 12 | 1 . 1 1 . 2 . . . . 3 . . 2 1 1 . Processor 5 | . . . . 1 1 . . . 1 . 1 . . . 1 . Hackware 3 | . . . . . . . . . . 1 . . 1 . . 1 Protection 8 | . . . 1 1 1 . . . . . . . . 4 1 . Artifact . | . . . . . . . . . . . . . . . . . Weapon 59 | 2 4 1 9 3 . . . . . . 1 . 2 14 17 6 Energy Gun 21 | 2 3 . 8 1 . . . . . . . . 1 1 5 . Energy Cannon 14 | . . . . . . . . . . . . . . 5 3 6 Ballistic Gun 6 | . . . 1 . . . . . . . . . . 4 1 . Ballistic Cannon 7 | . . . . . . . . . . . . . . 4 3 . Launcher 5 | . . 1 . . . . . . . . . . . . 4 . Special Weapon 2 | . . . . . . . . . . . . . 1 . 1 . Impact Weapon . | . . . . . . . . . . . . . . . . . Slashing Weapon 4 | . 1 . . 2 . . . . . . 1 . . . . . Piercing Weapon . | . . . . . . . . . . . . . . . . . Special Melee Weapon . | . . . . . . . . . . . . . . . . . Unidentified Prototypes 10 | . . 1 1 . . . . . . . . . 2 2 3 1 Parts Lost 102 | . 7 3 12 5 4 . . . 2 2 . . 21 3 43 . Power 14 | . 1 1 . 2 . . . . 1 . . . 2 . 7 . Propulsion 35 | . 2 2 5 2 4 . . . 1 . . . 8 . 11 . Utility 21 | . . . 2 . . . . . . 1 . . 7 1 10 . Weapon 32 | . 4 . 5 1 . . . . . 1 . . 4 2 15 . Highest Loss Streak 22 | . 7 3 3 5 2 . . . 1 2 . . 10 1 22 . Average Slot Usage (%) 79 | . 72 71 77 96 98 92 92 92 91 91 99 100 75 84 79 35 Engine 3 | . 8 6 9 9 4 . . . . . . . . 1 . . Core 5 | . . . . 6 9 15 15 15 15 13 13 13 9 10 1 . Reactor 1 | . . . . . . . . . . . . . . 1 9 . Wheel 5 | . . . . . . . . . . . . . . 19 14 . Hover 1 | . . . 1 . . . . . . . . . . . 2 6 Flight 15 | . 8 31 22 34 28 23 23 23 22 20 26 26 18 2 . . Device 13 | . . . 14 13 14 15 15 15 15 24 26 26 11 17 18 6 Storage 7 | . 14 11 11 9 7 7 7 7 7 6 6 6 9 4 8 . Processor 4 | . . . . 4 15 15 15 15 15 13 13 13 11 1 1 4 Protection 2 | . . . 1 . . . . . . . . . . 6 5 . Energy Gun 5 | . 18 . 11 13 . . . . . . . . . 4 1 . Energy Cannon 2 | . . . . . . . . . . . . . . 4 3 12 Ballistic Cannon 1 | . . . . . . . . . . . . . . 5 6 . Slashing Weapon 4 | . 5 11 2 4 15 15 15 15 15 12 12 13 7 . . . Naked Turns . | . . . . . . . . . . . . . . . . . Heaviest Build 166 | 9 9 10 18 23 25 22 22 22 22 37 26 26 40 153 166 31 Greatest Support 74 | 40 40 12 13 28 34 30 30 30 30 37 33 33 45 74 74 70 Greatest Overweight (x) 3 | . 1 . 3 1 . . . . . 1 . . 1 2 3 2 Average Overweight (x) . | . . . . . . . . . . . . . . . 1 . Largest Inventory Capacity 12 | 6 6 8 6 6 10 6 6 6 6 12 6 6 6 8 8 4 Average Capacity 6 | 5 6 6 6 6 6 6 6 6 6 8 6 6 5 7 7 4 Most Carried 8 | 3 6 6 6 6 6 5 6 6 6 7 6 6 6 8 8 4 Average Carried 5 | 1 4 5 5 5 5 4 5 6 5 6 5 6 4 7 6 1 Final Capacity 8 | 6 6 6 6 6 6 6 6 6 6 6 6 6 4 8 4 4 Final Carried 8 | 3 6 6 6 6 5 5 6 6 6 6 6 6 4 8 2 . Class Distribution -------------------- 32% | Mutant 21% | Scavenger-Tank 17% | Scavenger-Mutant 12% | Sprinter 5% | Derelict-Sprinter 4% | Gunner 3% | Commander-Mutant Dominant Class ---------------- Mutant | -10/Materials Scavenger-Mutant | -9/Materials Scavenger-Mutant | -9/Storage Sprinter | -8/Materials Sprinter | -7/Factory Mutant | -7/Lower Caves Mutant | -7/Lower Caves Mutant | -7/Data Miner Mutant | -6/Proximity Caves Mutant | -6/Factory Sprinter | -6/Lower Caves Sprinter | -6/Lower Caves Mutant | -5/Factory Scavenger-Tank | -4/Factory Scavenger-Tank | -3/Research Gunner | -3/Quarantine Resources | -11 -10 -9 -9 -8 -7 -7 -7 -7 -6 -6 -6 -6 -5 -4 -3 -3 ----------- Run | Scr Mat Mat Sto Mat Fac Low Low Dat Pro Fac Low Low Fac Fac Res Qua Matter Collected 2631 | 255 30 85 268 165 . 101 19 . 30 25 75 . 57 792 729 . Remotely 102 | . . . . . . . . . . . . . . 102 . . Salvage Created 3613 | . 120 143 456 334 . . . . 24 25 . . 175 1033 1303 . Parts 174 | . 7 10 29 19 . . . . 2 2 . . 9 48 48 . Haulers Intercepted 1 | . . . 1 . . . . . . . . . . . . . Recyclers Shooed 5 | . . . 4 . . . . . . . . . . . 1 . Parts Field Recycled . | . . . . . . . . . . . . . . . . . Retrieved Matter . | . . . . . . . . . . . . . . . . . Parts Self-Destructed 5 | . . . . . . . . . 5 . . . . . . . Prevented . | . . . . . . . . . . . . . . . . . Kills | -11 -10 -9 -9 -8 -7 -7 -7 -7 -6 -6 -6 -6 -5 -4 -3 -3 ------- Run | Scr Mat Mat Sto Mat Fac Low Low Dat Pro Fac Low Low Fac Fac Res Qua Combat Hostiles Destroyed 64 | . 5 5 11 8 . . . . 1 1 . . 3 15 15 . Melee 17 | . 2 5 4 1 . . . . 1 1 . . 3 . . . Guns 20 | . 3 . 7 4 . . . . . . . . . 6 . . Cannons 16 | . . . . . . . . . . . . . . 9 7 . AOE 5 | . . . . 1 . . . . . . . . . . 4 . Classes Destroyed 12 | . 2 1 3 1 . . . . . . . . 2 2 1 . Worker 3 | . . . 1 . . . . . . . . . . . 2 . Builder 4 | . . . . . . . . . . . . . 1 3 . . Tunneler 2 | . . . . . . . . . . . . . . . 2 . Hauler 1 | . . . 1 . . . . . . . . . . . . . Recycler 5 | . . . 1 . . . . . . . . . . 3 1 . Operator 1 | . . . . . . . . . . . . . . 1 . . Watcher 2 | . . . . . . . . . . . . . . 1 1 . Swarmer 23 | . 3 3 3 3 . . . . 1 1 . . . 9 . . Grunt 17 | . 2 . 5 1 . . . . . . . . . 2 7 . Sentry 13 | . . 2 3 2 . . . . . . . . . 2 4 . Hunter 5 | . . . . 2 . . . . . . . . . . 3 . Programmer 6 | . . . . . . . . . . . . . 3 2 1 . Best Kill Streak 8 | . 5 2 5 2 . . . . 1 1 . . 2 6 8 . Combat Bots Only 5 | . 5 2 4 2 . . . . 1 1 . . 2 5 5 . Max Kills in Single Turn 3 | . 1 1 1 1 . . . . 1 1 . . 1 1 3 . Gunslinging . | . . . . . . . . . . . . . . . . . Exploded 2 | . . . . 1 . . . . . . . . . . 2 . Melee 1 | . 1 1 1 1 . . . . 1 1 . . 1 . . . Uniques/NPCs Destroyed . | . . . . . . . . . . . . . . . . . Combat | -11 -10 -9 -9 -8 -7 -7 -7 -7 -6 -6 -6 -6 -5 -4 -3 -3 -------- Run | Scr Mat Mat Sto Mat Fac Low Low Dat Pro Fac Low Low Fac Fac Res Qua Damage Taken 11708 | . 672 300 762 594 198 . 15 . 217 228 . . 1646 916 5865 295 Core 2444 | . 131 91 212 106 37 . . . 71 70 . . 696 99 855 76 Absorbed by Shields 120 | . . . . . . . . . . . . . . . 120 . Core Remaining (%) 68 | 100 47 . 24 80 . . . . 84 . . 91 30 91 . . Volleys Fired 172 | . 10 . 42 27 . . . . . . . . 8 34 50 1 Largest 4 | . 2 . 2 2 . . . . . . . . 1 4 4 1 Hottest 360 | . 90 . 130 90 . . . . . . . . 60 329 360 94 Shots Fired 398 | . 16 . 64 49 . . . . . . . . 8 119 141 1 Gun 198 | . 16 . 64 49 . . . . . . . . 6 54 9 . Cannon 181 | . . . . . . . . . . . . . . 65 115 1 Launcher 15 | . . . . . . . . . . . . . . . 15 . Special 4 | . . . . . . . . . . . . . 2 . 2 . Kinetic 135 | . . . 6 . . . . . . . . . . 60 69 . Thermal 141 | . 16 . 58 . . . . . . . . . 2 32 33 . Explosive . | . . . . . . . . . . . . . . . . . Electromagnetic 122 | . . . . 49 . . . . . . . . 6 27 39 1 Robot Hit Streak 18 | . 5 . 18 17 . . . . . . . . 3 8 6 2 Robot Miss Streak 6 | . 2 . 4 6 . . . . . . . . 1 5 6 . Penetration Max 1 | . . . . . . . . . . . . . . . 1 . Secondary Targets 3 | . 2 . . 1 . . . . . . . . . . . . Max Gunslinging Chain 1 | . 1 . . 1 . . . . . . . . . . . . Shots Hit Robots 312 | . 15 19 65 36 . . . . 1 3 . . 30 66 76 1 Core Hits 150 | . 7 5 48 13 . . . . 1 1 . . 7 33 35 . Critical Hits 19 | . . . . 1 . . . . . 1 . . . 5 12 . Critical Kills 5 | . . . . . . . . . . . . . . 4 1 . Critical Parts Destroyed 14 | . . . . 1 . . . . . 1 . . . 1 11 . Melee Attacks 129 | . 3 27 29 6 9 . . . 1 20 . . 34 . . . Impact . | . . . . . . . . . . . . . . . . . Slashing 129 | . 3 27 29 6 9 . . . 1 20 . . 34 . . . Piercing . | . . . . . . . . . . . . . . . . . Sneak Attacks 3 | . . . 1 . . . . . . 1 . . 1 . . . Combat Hostiles . | . . . . . . . . . . . . . . . . . Follow-up Attacks 2 | . . . . . . . . . . 1 . . 1 . . . Damage Inflicted 8606 | . 224 453 1088 704 . . . . 33 172 . . 881 1866 3133 52 Guns 2168 | . 152 . 548 503 . . . . . . . . 22 754 189 . Cannons 2885 | . . . . . . . . . . . . . . 1112 1721 52 Explosions 1355 | . . . . 132 . . . . . . . . . . 1223 . Melee 2183 | . 72 453 540 69 . . . . 33 172 . . 844 . . . Ramming 15 | . . . . . . . . . . . . . 15 . . . Kinetic 2065 | . . . . . . . . . . . . . . 1011 1054 . Thermal 1795 | . 152 . 548 132 . . . . . . . . . 456 507 . Explosive 324 | . . . . . . . . . . . . . . . 324 . Electromagnetic 2224 | . . . . 503 . . . . . . . . 22 399 1248 52 Impact . | . . . . . . . . . . . . . . . . . Slashing 2183 | . 72 453 540 69 . . . . 33 172 . . 844 . . . Piercing . | . . . . . . . . . . . . . . . . . Highest Corruption 11 | . . . . . 2 2 2 2 2 . . . 11 7 6 6 Average Corruption 4 | . . . . . 2 2 2 2 2 . . . 6 5 3 6 Corruption Purged . | . . . . . . . . . . . . . . . . . Effects 72 | . . . . . . . 1 . 3 . . . 16 18 22 12 Message Errors 16 | . . . . . . . 1 . 1 . . . 4 4 3 3 Matter Fused 17 | . . . . . . . . . . . . . 7 2 6 2 Heat Flow Errors 5 | . . . . . . . . . 1 . . . . 2 1 1 Energy Discharges 12 | . . . . . . . . . 1 . . . 3 3 2 3 Data Loss (minor) 7 | . . . . . . . . . . . . . . 1 3 3 Data Loss (major) 2 | . . . . . . . . . . . . . . 2 . . Misfires 1 | . . . . . . . . . . . . . . 1 . . Misdirections 1 | . . . . . . . . . . . . . 1 . . . Targeting Errors 9 | . . . . . . . . . . . . . 1 2 6 . Weapon Failures 2 | . . . . . . . . . . . . . . 1 1 . Overload Shots . | . . . . . . . . . . . . . . . . . Overflow Damage 442 | . . 19 10 20 . . . . . 66 . . 74 103 150 . Projectiles 131 | . . . . . . . . . . . . . . 103 28 . Explosions 142 | . . . . 20 . . . . . . . . . . 122 . Melee 169 | . . 19 10 . . . . . . 66 . . 74 . . . Knockbacks 15 | . . . . . . . . . . . . . . 3 12 . Impact . | . . . . . . . . . . . . . . . . . Kinetic 15 | . . . . . . . . . . . . . . 3 12 . Secondary . | . . . . . . . . . . . . . . . . . Self-Inflicted Damage 223 | . . . . 77 . . . . . . . . 7 . 139 . Shots 7 | . . . . 2 . . . . . . . . . . 5 . Rammed 3 | . . . . . . . . . . . . . 2 . 1 . Targets Rammed 3 | . . . . . . . . . . . . . 2 . 1 . Kicked . | . . . . . . . . . . . . . . . . . Crushed . | . . . . . . . . . . . . . . . . . Highest Temperature 677 | . 315 . 154 310 3 . . . 170 3 . . 165 677 558 42 Average Temperature 127 | . 155 . 39 65 1 . . . 82 3 . . 71 219 247 42 Received Heat Transfer 1363 | . 255 27 348 81 21 . . . 36 12 . . 78 63 331 111 Effects 19 | . 2 . . 1 . . . . . . . . . 13 3 . Shutdowns 6 | . . . . . . . . . . . . . . 6 . . Energy Bleed 3 | . 1 . . . . . . . . . . . . 1 1 . Interference 4 | . . . . 1 . . . . . . . . . 3 . . Short Circuit 1 | . 1 . . . . . . . . . . . . . . . Damage (minor) 3 | . . . . . . . . . . . . . . 2 1 . Damage (major) 2 | . . . . . . . . . . . . . . 1 1 . Siege Activations . | . . . . . . . . . . . . . . . . . Robots Corrupted 7 | . . . . 2 . . . . . . . . . 1 4 . Combat Hostiles 6 | . . . . 2 . . . . . . . . . . 4 . Parts Fried 12 | . . . . 5 . . . . . . . . . 3 4 . Impact Corruptions . | . . . . . . . . . . . . . . . . . Robots Melted . | . . . . . . . . . . . . . . . . . Combat Hostiles . | . . . . . . . . . . . . . . . . . Parts Melted 5 | . . . 1 1 . . . . . . . . . 3 . . Heat Transferred 2459 | . 409 . 786 150 . . . . . . . . . 765 349 . Parts Sabotaged . | . . . . . . . . . . . . . . . . . Parts Stolen . | . . . . . . . . . . . . . . . . . Parts Stripped . | . . . . . . . . . . . . . . . . . Power Chain Reactions 2 | . . . . 2 . . . . . . . . . . . . Missiles Intercepted . | . . . . . . . . . . . . . . . . . Alert | -11 -10 -9 -9 -8 -7 -7 -7 -7 -6 -6 -6 -6 -5 -4 -3 -3 ------- Run | Scr Mat Mat Sto Mat Fac Low Low Dat Pro Fac Low Low Fac Fac Res Qua Peak Influence 365 | . 70 189 365 211 73 . . . . 115 . . 49 224 194 51 Average Influence 92 | . 30 98 201 71 23 . . . . 61 . . 24 90 95 20 Maximum Alert Level 1 | . . . 1 1 . . . . . . . . . 1 . . Low Security (%) 89 | 100 100 100 54 97 100 . . . . 100 . . 100 94 100 100 Level 1 10 | . . . 45 2 . . . . . . . . . 5 . . Level 2 . | . . . . . . . . . . . . . . . . . Level 3 . | . . . . . . . . . . . . . . . . . Level 4 . | . . . . . . . . . . . . . . . . . Level 5 . | . . . . . . . . . . . . . . . . . High Security . | . . . . . . . . . . . . . . . . . Max Security . | . . . . . . . . . . . . . . . . . Squads Dispatched 15 | . . 1 1 1 1 . . . 1 1 . . 3 1 3 2 Investigation 1 | . . . 1 . . . . . . . . . . . . . Extermination 5 | . . . . . . . . . . . . . 3 1 1 . Reinforcement 8 | . . 1 . 1 1 . . . . 1 . . . . 2 2 Assault 1 | . . . . . . . . . 1 . . . . . . . Garrison . | . . . . . . . . . . . . . . . . . Intercept . | . . . . . . . . . . . . . . . . . Construction Impeded 1 | . . . . . . . . . . . . . . . 1 . Haulers Reinforced . | . . . . . . . . . . . . . . . . . Stealth | -11 -10 -9 -9 -8 -7 -7 -7 -7 -6 -6 -6 -6 -5 -4 -3 -3 --------- Run | Scr Mat Mat Sto Mat Fac Low Low Dat Pro Fac Low Low Fac Fac Res Qua Distress Signals 10 | . . 2 2 4 1 . . . . . . . . . 1 . Communications Jammed . | . . . . . . . . . . . . . . . . . Distress Signals . | . . . . . . . . . . . . . . . . . Times Spotted 171 | . 6 9 25 28 14 . 1 . 16 6 . 1 15 18 29 3 Peak Tracking Total 10 | . 5 4 4 8 8 . 1 . 8 5 . 4 10 3 9 2 Tactical Retreats 19 | . . 1 3 1 3 . . . 4 1 . . 1 . 5 . Traps | -11 -10 -9 -9 -8 -7 -7 -7 -7 -6 -6 -6 -6 -5 -4 -3 -3 ------- Run | Scr Mat Mat Sto Mat Fac Low Low Dat Pro Fac Low Low Fac Fac Res Qua Traps Triggered 8 | . . . 1 . 2 . . . . . . . 1 4 . . Indirectly . | . . . . . . . . . . . . . . . . . Trap Hack Attempts . | . . . . . . . . . . . . . . . . . Triggered . | . . . . . . . . . . . . . . . . . Disarmed . | . . . . . . . . . . . . . . . . . Reprogrammed 4 | . . . . 4 . . . . . . . . . . . . Reused . | . . . . . . . . . . . . . . . . . Traps Extracted . | . . . . . . . . . . . . . . . . . Installed . | . . . . . . . . . . . . . . . . . Triggered 1 | . . . . . . . . . . . . . . 1 . . Machines | -11 -10 -9 -9 -8 -7 -7 -7 -7 -6 -6 -6 -6 -5 -4 -3 -3 ---------- Run | Scr Mat Mat Sto Mat Fac Low Low Dat Pro Fac Low Low Fac Fac Res Qua Machines Disabled 4 | . . . . 1 . . . . . . . . . 1 2 . Max in Single Turn 1 | . . . . 1 . . . . . . . . . 1 1 . Machines Sabotaged . | . . . . . . . . . . . . . . . . . Garrisons Compromised . | . . . . . . . . . . . . . . . . . Overloaded Fab Kills . | . . . . . . . . . . . . . . . . . Fab Network Shutdowns . | . . . . . . . . . . . . . . . . . Hacking | -11 -10 -9 -9 -8 -7 -7 -7 -7 -6 -6 -6 -6 -5 -4 -3 -3 --------- Run | Scr Mat Mat Sto Mat Fac Low Low Dat Pro Fac Low Low Fac Fac Res Qua Machines Accessed 26 | . . . 9 3 2 . 1 4 . 3 . . . 2 . 2 Terminals 19 | . . . 8 3 2 . . . . 3 . . . 1 . 2 Fabricators . | . . . . . . . . . . . . . . . . . Repair Stations 1 | . . . . . . . . . . . . . . 1 . . Recycling Units 1 | . . . 1 . . . . . . . . . . . . . Scanalyzers . | . . . . . . . . . . . . . . . . . Garrison Access . | . . . . . . . . . . . . . . . . . Total Hacks 83 | . . . 25 9 8 . 1 26 . 7 . . . 4 . 3 Successful 56 | . . . 12 6 3 . 1 26 . 5 . . . 1 . 2 Failed 27 | . . . 13 3 5 . . . . 2 . . . 3 . 1 Catastrophic 4 | . . . 1 1 1 . . . . . . . . . . 1 Database Lockouts . | . . . . . . . . . . . . . . . . . Manual 31 | . . . 16 5 1 . . . . 5 . . . 1 . 3 Terminals 50 | . . . 22 9 8 . . . . 7 . . . 1 . 3 Fabricators . | . . . . . . . . . . . . . . . . . Repair Stations 3 | . . . . . . . . . . . . . . 3 . . Recycling Units 3 | . . . 3 . . . . . . . . . . . . . Scanalyzers . | . . . . . . . . . . . . . . . . . Garrison Access . | . . . . . . . . . . . . . . . . . Terminal Hacks 39 | . . . 3 3 3 . 1 26 . 3 . . . . . . Record 12 | . . . . . . . 1 11 . . . . . . . . Part Schematic 7 | . . . . . . . . 7 . . . . . . . . Robot Schematic 5 | . . . . . . . . 5 . . . . . . . . Prototype ID Bank 3 | . . . . . . . . 3 . . . . . . . . Open Door 1 | . . . 1 . . . . . . . . . . . . . Branch Access Points 1 | . . . . . . . . . . 1 . . . . . . Alert Level 2 | . . . 1 1 . . . . . . . . . . . . Unreport Threat 1 | . . . . . 1 . . . . . . . . . . . Locate Traps 4 | . . . 1 1 1 . . . . 1 . . . . . . Reprogram Traps 1 | . . . . 1 . . . . . . . . . . . . Dispatch Records 1 | . . . . . . . . . . 1 . . . . . . Zone Layout 1 | . . . . . 1 . . . . . . . . . . . Fabricator Hacks . | . . . . . . . . . . . . . . . . . Repair Station Hacks 1 | . . . . . . . . . . . . . . 1 . . Refit 1 | . . . . . . . . . . . . . . 1 . . Recycling Unit Hacks 1 | . . . 1 . . . . . . . . . . . . . Retrieve Components 1 | . . . 1 . . . . . . . . . . . . . Scanalyzer . | . . . . . . . . . . . . . . . . . Garrison Access Hacks . | . . . . . . . . . . . . . . . . . Unauthorized Hacks 15 | . . . 8 3 . . . . . 2 . . . . . 2 Terminals 14 | . . . 7 3 . . . . . 2 . . . . . 2 Track 2 | . . . . . . . . . . 1 . . . . . 1 Botnet 12 | . . . 7 3 . . . . . 1 . . . . . 1 Fabricators . | . . . . . . . . . . . . . . . . . Repair Stations . | . . . . . . . . . . . . . . . . . Recycling Units 1 | . . . 1 . . . . . . . . . . . . . Reject 1 | . . . 1 . . . . . . . . . . . . . Scanalyzers . | . . . . . . . . . . . . . . . . . Garrison Access . | . . . . . . . . . . . . . . . . . Data Cores Recovered 1 | . . . . . . . . . . . . . . 1 . . Used 1 | . . . . . . . . . . . . . . 1 . . Hacking Detections 18 | . . . 7 2 2 . . . . 3 . . . 2 . 2 Full Trace Events 1 | . . . 1 . . . . . . . . . . . . . Feedback Events . | . . . . . . . . . . . . . . . . . Feedback Blocked . | . . . . . . . . . . . . . . . . . Robot Schematics Acquired 5 | . . . . . . . . 5 . . . . . . . . Robots Built . | . . . . . . . . . . . . . . . . . Matter . | . . . . . . . . . . . . . . . . . Time . | . . . . . . . . . . . . . . . . . Total Robot Build Rating . | . . . . . . . . . . . . . . . . . Part Schematics Acquired 7 | . . . . . . . . 7 . . . . . . . . Parts Built . | . . . . . . . . . . . . . . . . . Matter . | . . . . . . . . . . . . . . . . . Time . | . . . . . . . . . . . . . . . . . Total Part Build Rating . | . . . . . . . . . . . . . . . . . Parts Repaired . | . . . . . . . . . . . . . . . . . Time . | . . . . . . . . . . . . . . . . . Parts Recycled . | . . . . . . . . . . . . . . . . . Recycled Matter . | . . . . . . . . . . . . . . . . . Retrieved Matter . | . . . . . . . . . . . . . . . . . Retrieved Components 10 | . . . 10 . . . . . . . . . . . . . Parts Scanalyzed . | . . . . . . . . . . . . . . . . . Part Schematics Acquired . | . . . . . . . . . . . . . . . . . Parts Damaged . | . . . . . . . . . . . . . . . . . Bothacking | -11 -10 -9 -9 -8 -7 -7 -7 -7 -6 -6 -6 -6 -5 -4 -3 -3 ------------ Run | Scr Mat Mat Sto Mat Fac Low Low Dat Pro Fac Low Low Fac Fac Res Qua Used RIF Installer . | . . . . . . . . . . . . . . . . . Robots Hacked . | . . . . . . . . . . . . . . . . . Non-combat . | . . . . . . . . . . . . . . . . . Combat . | . . . . . . . . . . . . . . . . . Robot Hacks Applied . | . . . . . . . . . . . . . . . . . Relay Couplers Released . | . . . . . . . . . . . . . . . . . Robots Rewired . | . . . . . . . . . . . . . . . . . Allies Hacked . | . . . . . . . . . . . . . . . . . Hacks Repelled . | . . . . . . . . . . . . . . . . . Allies | -11 -10 -9 -9 -8 -7 -7 -7 -7 -6 -6 -6 -6 -5 -4 -3 -3 -------- Run | Scr Mat Mat Sto Mat Fac Low Low Dat Pro Fac Low Low Fac Fac Res Qua Total Allies 11 | . . . 10 . . . . . 1 . . . . . . . Largest Group 10 | . . . 10 5 . . . . 1 . . . . . . . Highest-Rated Group 94 | . . . 88 48 . . . . 94 . . . . . . . Highest-Rated Ally 94 | . . . 16 16 . . . . 94 . . . . . . . Total Orders 5 | . . . 4 . . . . . . 1 . . . . . . GOTO 1 | . . . 1 . . . . . . . . . . . . . FOLLOW 3 | . . . 3 . . . . . . . . . . . . . RETURN 1 | . . . . . . . . . . 1 . . . . . . Ally Attacks 73 | . . . 59 10 . . . . 4 . . . . . . . Total Damage 821 | . . . 602 88 . . . . 131 . . . . . . . Kills 18 | . . . 14 2 . . . . 2 . . . . . . . Allies Corrupted . | . . . . . . . . . . . . . . . . . Allies Melted 1 | . . . . . . . . . 1 . . . . . . . Intel | -11 -10 -9 -9 -8 -7 -7 -7 -7 -6 -6 -6 -6 -5 -4 -3 -3 ------- Run | Scr Mat Mat Sto Mat Fac Low Low Dat Pro Fac Low Low Fac Fac Res Qua Robot Analysis Total . | . . . . . . . . . . . . . . . . . Derelict Logs Recovered 2 | . . . . . . 1 . . . . 1 . . . . . Drone Launches 18 | . . . 16 . . . . . . 2 . . . . . . Drone Recoveries 2 | . . . . . . . . . . 2 . . . . . . Decoded 0b10 Intel 2 | . . . . . . . . . . . . . 2 . . . Garrisons 1 | . . . . . . . . . . . . . 1 . . . Guards 1 | . . . . . . . . . . . . . 1 . . . Exploration | -11 -10 -9 -9 -8 -7 -7 -7 -7 -6 -6 -6 -6 -5 -4 -3 -3 ------------- Run | Scr Mat Mat Sto Mat Fac Low Low Dat Pro Fac Low Low Fac Fac Res Qua Turns Passed 6897 | 85 207 353 1309 638 293 63 107 28 193 206 128 38 767 1170 855 457 Spaces Moved 6133 | 49 143 228 620 577 580 144 311 81 502 325 296 122 472 886 530 267 Core 391 | 4 5 . 30 . . . . . . . . . 139 31 37 145 Treads 219 | 45 63 . . . . . . . . . . . . . . 111 Legs . | . . . . . . . . . . . . . . . . . Wheels 1107 | . . . . . . . . . . . . . . 741 366 . Hover 202 | . . . 63 . . . . . . . . . 1 . 127 11 Flight 4214 | . 75 228 527 577 580 144 311 81 502 325 296 122 332 114 . . Fastest Speed 28 | 50 37 34 34 31 31 34 34 34 34 31 31 31 28 34 28 50 Average Speed 57 | 151 93 34 73 34 32 34 34 34 34 33 31 31 37 99 90 90 Slowest Speed 200 | 160 160 37 200 114 37 34 34 34 37 114 31 31 100 150 125 150 Overloaded Moves 109 | . . . . . . . . . . . . . . . 109 . Propulsion Burnouts . | . . . . . . . . . . . . . . . . . Robots Hopped 5 | . . . 2 . 2 . . . 1 . . . . . . . Cave-ins Triggered . | . . . . . . . . . . . . . . . . . Teleports 1 | . . . . . . . . . . . . . . . . 1 Exploration Rate (%) 35 | 5 33 17 71 57 17 41 56 70 71 7 51 25 17 22 18 25 Regions Visited 16 Branch Regions 8 Pre-discovered Areas 1 | . . . . . . . . 1 . . . . . . . . Known Exits Taken 10 | . . . . 1 1 1 1 1 1 1 1 1 1 . . . Unknown Exits Taken 6 | 1 1 1 1 . . . . . . . . . . 1 1 . Scrap Searched 10 | . . . . . . 1 4 . 2 . 3 . . . . . Spaces Dug 22 | . . . . 3 6 . . . . 12 . . . 1 . . Terrain Destroyed 84 | . . . . 8 6 . . . . 12 . . . 19 39 . Melee 21 | . . . . 3 6 . . . . 12 . . . . . . Projectile 43 | . . . . . . . . . . . . . . 19 24 . AOE 20 | . . . . 5 . . . . . . . . . . 15 . Actions | -11 -10 -9 -9 -8 -7 -7 -7 -7 -6 -6 -6 -6 -5 -4 -3 -3 --------- Run | Scr Mat Mat Sto Mat Fac Low Low Dat Pro Fac Low Low Fac Fac Res Qua Total 8940 | 57 191 447 1347 956 670 157 311 80 519 392 332 121 995 1094 791 480 Wait 2147 | . 21 176 603 304 68 12 . . 13 38 31 . 459 82 150 190 Move 6108 | 48 142 227 615 576 576 143 310 80 499 324 295 121 471 885 529 267 Hop 4 | . . . 2 . 1 . . . 1 . . . . . . . Pick Up 67 | 3 6 4 8 8 4 1 1 . 2 1 2 . 2 12 10 3 Fast Attach 121 | 6 4 4 17 7 3 . . . 1 5 1 . 9 34 22 8 Attach 49 | . 3 4 7 5 3 1 . . 1 2 1 . 3 2 12 5 Detach 13 | . 1 1 3 . . . . . . 1 . . 1 2 2 2 Swap 41 | . . . 3 10 4 . . . 1 2 . . 4 13 4 . Drop 85 | . 1 4 10 13 5 . . . . 2 2 . 3 30 11 4 Fire 172 | . 10 . 42 27 . . . . . . . . 8 34 50 1 Melee 121 | . 3 27 29 6 6 . . . 1 16 . . 33 . . . Ram 3 | . . . . . . . . . . . . . 2 . 1 . Kick . | . . . . . . . . . . . . . . . . . Crush . | . . . . . . . . . . . . . . . . . Escape Stasis . | . . . . . . . . . . . . . . . . . Rewire . | . . . . . . . . . . . . . . . . . Trap . | . . . . . . . . . . . . . . . . . Miscellaneous 9 | . . . 8 . . . . . . 1 . . . . . . Route ------- -11/Scrapyard -10/Materials -9/Materials -9/Storage -8/Materials -7/Factory -7/Lower Caves -7/Lower Caves (discovered 2 exits: *Fac / *Dat) -7/Data Miner -6/Proximity Caves -6/Factory (discovered 2 exits: *Low x2) -6/Lower Caves -6/Lower Caves -5/Factory (discovered 2 exits: *Fac x2) -4/Factory -3/Research -3/Quarantine History --------- Turn | Location | Event 8 | -11/Scrapyard | Discovered new exit (range 15) 86 | -11/Scrapyard | Entered Materials 218 | -10/Materials | Core integrity fell below 50% 254 | -10/Materials | Lost 7 parts (1p2n4w) 291 | -10/Materials | Discovered new exit (range 4) 293 | -10/Materials | Entered another Materials area 293 | -9/Materials | Evolved 2 slots: Propulsion x1, Utility x1 465 | -9/Materials | Discovered new exit (range 13) 583 | -9/Materials | Lost 3 parts (1p2n) 646 | -9/Materials | Entered Storage 953 | -9/Storage | Core integrity fell below 50% 1076 | -9/Storage | Lost 3 parts (1u2w) 1129 | -9/Storage | Discovered new exit (range 16) 1135 | -9/Storage | Assisted by bots powering up and referring to "LRC-V3" 1877 | -9/Storage | Build established: Scavenger-Mutant 1955 | -9/Storage | Entered Materials 1955 | -8/Materials | Accompanied by 13 allies 1955 | -8/Materials | Evolved 2 slots: Power x1, Propulsion x1 2362 | -8/Materials | Lost 5 parts (2p2n1w) 2590 | -8/Materials | Discovered new exit (range 5) 2593 | -8/Materials | Identified exit to Factory 2593 | -8/Materials | Entered Factory 2593 | -7/Factory | Evolved 2 slots: Utility x2 2706 | -7/Factory | Build established: Sprinter 2882 | -7/Factory | Discovered new exit (range 10) 2885 | -7/Factory | Identified exit to Lower Caves 2886 | -7/Factory | Entered Lower Caves 2899 | -7/Lower Caves | Identified exit to Lower Caves 2949 | -7/Lower Caves | Entered another Lower Caves area 2964 | -7/Lower Caves | Discovered new exit (range 15) 2969 | -7/Lower Caves | Identified exit to Factory 3045 | -7/Lower Caves | Discovered new exit (range 16) 3056 | -7/Lower Caves | Identified exit to Data Miner 3056 | -7/Lower Caves | Entered Data Miner 3056 | -7/Data Miner | Discovered new exit (range 6) 3063 | -7/Data Miner | Met Data Miner 3070 | -7/Data Miner | Learned location of Section 7 (-2) 3070 | -7/Data Miner | Acquired the access code to Warlord's prototype stash 3076 | -7/Data Miner | Received God Mode back door access code from Data Miner 3083 | -7/Data Miner | Identified exit to Proximity Caves 3084 | -7/Data Miner | Entered Proximity Caves 3092 | -6/Proximity Caves | Attracted the attention of an 0b10 outpost 3100 | -6/Proximity Caves | Escorted by Enhanced Grunt 3142 | -6/Proximity Caves | Build established: Mutant 3276 | -6/Proximity Caves | Discovered exit to Factory (range 3) 3277 | -6/Proximity Caves | Entered Factory 3277 | -6/Factory | Evolved 2 slots: Utility x2 3295 | -6/Factory | Identified exit to Lower Caves 3483 | -6/Factory | Entered Lower Caves 3522 | -6/Lower Caves | Spotted B-75 Beast 3588 | -6/Lower Caves | Learned location of 1 exit from Factory 3610 | -6/Lower Caves | Discovered new exit (range 5) 3611 | -6/Lower Caves | Identified exit to Lower Caves 3611 | -6/Lower Caves | Entered another Lower Caves area 3624 | -6/Lower Caves | Discovered new exit (range 9) 3626 | -6/Lower Caves | Identified exit to Factory 3649 | -6/Lower Caves | Entered Factory 3649 | -5/Factory | Evolved 2 slots: Power x1, Propulsion x1 3650 | -5/Factory | Identified exit to Factory 3919 | -5/Factory | Spotted B-75 Beast 3956 | -5/Factory | Build established: Derelict-Sprinter 4074 | -5/Factory | Lost 10 parts (1p4n4u1w) 4300 | -5/Factory | Build established: Mutant 4336 | -5/Factory | System corruption reached 10% 4359 | -5/Factory | Lost 10 parts (1p4n3u2w) 4404 | -5/Factory | Core integrity fell below 50% 4409 | -5/Factory | Discovered exit to Factory (range 14) 4416 | -5/Factory | Entered another Factory area 4416 | -4/Factory | Evolved 2 slots: Weapon x2 4601 | -4/Factory | Found Hvy. Reactive Plating 5106 | -4/Factory | Build established: Scavenger-Tank 5538 | -4/Factory | Discovered new exit (range 11) 5586 | -4/Factory | Entered Research 5586 | -3/Research | Evolved 2 slots: Utility x2 6269 | -3/Research | Lost 22 parts (4p4n6u8w) 6339 | -3/Research | Found Prototype Launcher 6339 | -3/Research | Identified Tesla Bomb Launcher 6341 | -3/Research | Found Tesla Bomb Launcher 6344 | -3/Research | Found Tesla Bomb Launcher 6346 | -3/Research | Found Tesla Bomb Launcher 6409 | -3/Research | Core integrity fell below 50% 6437 | -3/Research | Discovered new exit (range 9) 6441 | -3/Research | Entered Quarantine 6450 | -3/Quarantine | Lost 17 parts (3p5n3u6w) 6555 | -3/Quarantine | Found Alien Artifact 6555 | -3/Quarantine | Identified Transdimensional Reconstructor 6555 | -3/Quarantine | Warped through subspace 6890 | -3/Quarantine | Scanned by Researcher 6898 | -3/Quarantine | Self-destructed Last Messages --------------- 06702_ K-01 Serf cleans the Dark Matter Chamber. 06715_ QYP &61ALTYXXWU0D7BK8Y%YT07W, 4TT 06715_ K-01 Serf cleans the Dark Matter Chamber. 06718_ C-55 Analyst calibrates the Dark Matter Chamber. 06752_ Acquired Imp. Hacking Suite. 06760_ System corrupted: Energy discharge (-6). 06792_ 3G8SQ Z 4#AG2#0L0:84D 06897_ C-55 Analyst is analyzing... Map ----- +----------------------------------------------------+ | ??????????????????????????????????????? | | ??????????????????????????????????????? | | ??????????????????????????????????????? | | ??????????????????????????????????????? | | ??????????????????????? ????????????? | | ??????????????????????? +??????????? | | ??????????????????????? #??????????? | | ??????????????????????? #??????????? | | ??????????????????????# #??????????? | | ??????????????????????# #??????????? | | ??????????????????????# #??????????? | | ??????????????????????# #??????????? | | ??????????????????????# #??????????? | | ??????????????????????# #####??????? | | ??????????????????????# ##T"#??????? | | ???????????????######## ## "######## | | ???????????????# | | ???????????????# | | ???????????????# | | ???????????????# | | ???????????????# ####+######+##### | | ???????????????# # ## | | ????????######## # ## | | ????????#!!"T # # ## | | ????????#!"" # # ## | | ????????#"" @# # """"""""" ## | | ????????#" g # """ """ + | | ????????#"" # ##################/ | | ????????#!"" # # #?# | | ????????#!!""c # # """ "" #?# ! | | ????????######## # """ "" #?# ! | | ???????????????# # """ T" #?# | | ???????????????# # """ "" #?# | | ???????????????# + """ "" #?# """ | | ???????????????# # """ #?# """ | | ????############ # #?# """ | | ????# + !# #####+#####?# "S | | ????# # # #????# "" | | ????# # # #????# "" | | ????# # ^ # #????# | | ????# # + #????######+ | | ????# # # ### #?????????# | | ????# # ]] # #?? #?????????# | | ????# # ]][[# #??? #?????????# | | ????# # ] ######???? #???#######k | | ????# ##########???????? s | | ????# #??????????????????? ###########+ | | ????# #????????????????????# | | ????# #????????????????????# ! | | ????# #??????????????????? # """"" | +----------------------------------------------------+ Best States ------------- Heat Dissipation 122 Coolant Potential 100 Energy Generation 57 Energy Capacity 1265 Matter Stores 300 Matter Capacity 600 Sight Range 16 Robot Scan Range 13 Terrain Scan Density 10 ECM Strength 3 Jamming Range 16 Additional Mass Support 18 Base Temperature (-) 200 Armor Coverage 825 Resistance: KI 40 Resistance: EX 50 Weapon Shielding 66 Evasion (%) 69 Targeting Accuracy 8 Melee Accuracy 8 Recoil Reduction 2 Offensive Hacking 12 Defensive Hacking 12 Item Schematics ----------------- Combat Drone Bay | -7/Data Miner | Free Lgt. Regenerative Plating | -7/Data Miner | Free Exp. Targeting Computer | -7/Data Miner | Free Exp. Terrain Scanner | -7/Data Miner | Free Tactical Coordination Suite | -7/Data Miner | Free Exp. ECM Suite | -7/Data Miner | Free Cloaking Device | -7/Data Miner | Free Robot Schematics ------------------ S-27 Virus | -7/Data Miner | Free G-50 Soldier | -7/Data Miner | Free L-41 Fighter | -7/Data Miner | Free P-70 Sage | -7/Data Miner | Free I-36 Angel | -7/Data Miner | Free Fabricated ------------ Nothing Alien Tech Used ----------------- Transdimensional Reconstructor Achievements -------------- None Challenges ------------ None Game ------ Seed GyrokineticBarrageBooster Manual? 0 Play Time 01:42:33 Cumulative 117.1 hours Start 2020.07.10 @ 09:10:29 End 2020.07.21 @ 13:44:40 Sessions 7 Manual Loads 0 Difficulty Rogue Special Mode None Game No. 167 Rogue 124 Adventurer 3 Explorer 40 Win Type - Total 2 Types 1/1/0/0/0/0/0 Lore% 50 Gallery% 70 Achievement% 48 Wizard Run 0 Options --------- ASCII 0 Keyboard 0 Movement Mouse Keybinds 0 Fullscreen 2 Font 18/SmallcapsGlow Map View 76x50 Tactical HUD 1 Map Filters NONE Filters NONE Steam 1 RUN: 460efaa2-dce3-4a56-ba47-eb98956456c1